AoeStats
← Mizuni

Arabia

510201920Analyzed
1v1 RM · 3d ago on Sep 29, 2026· 67m 53s· 2 players
Game mode
Random Map
Map size
Tiny (2 player)
Population
200
Speed
Normal
Resources
Standard
Victory
Conquest
Starting age
Dark Age
Ending age
Imperial Age
RankedLock teamsTeams togetherTeam positionsShared explorationLock speedFull tech treeHidden civsTurbo modeCheats
Victory
Defeat
🇹🇷 Inca · Türkiye
1154
+18
🇺🇸 Poles · United States
1203
-18
MΞC
9:06 Loom
11:18 Feudal Age
15:02 Fletching
22:13 Double-Bit Axe
26:26 Castle Age
26:29 Champi Runner
27:30 Crossbowman
28:40 Bodkin Arrow
33:29 Horse Collar
34:04 Bow Saw
36:21 Pikeman
43:14 Imperial Age
41:08 Heavy Plow
40:59 Gold Mining
41:00 Stone Mining
47:54 Bracer
50:16 Wheelbarrow
49:26 Town Watch
50:16 Conscription
50:28 Halberdier
51:09 Squires
51:13 Scale Mail Armor
52:27 Champi Warrior
54:06 Chain Mail Armor
55:11 Hand Cart
54:57 Town Patrol
55:20 Thumb Ring
55:32 Elite Champi Warrior
56:43 Plate Mail Armor
58:05 Gold Shaft Mining
59:22 Forging
61:57 Arbalester
63:14 Iron Casting
62:40 Padded Archer Armor
62:23 Capped Ram
64:39 Siege Ram
67:37 Ballistics
68:18 Chemistry
Mizuni
5:36 Loom
10:46 Feudal Age
11:20 Double-Bit Axe
14:05 Man-at-Arms
18:03 Arson
21:58 Bloodlines
22:38 Fletching
23:23 Scale Barding Armor
27:22 Castle Age
26:39 Scale Mail Armor
26:34 Horse Collar
27:28 Forging
28:30 Elite Skirmisher
30:42 Chain Barding Armor
33:55 Bow Saw
33:57 Thumb Ring
34:10 Bodkin Arrow
36:16 Ballistics
37:44 Husbandry
37:08 Light Cavalry
47:22 Imperial Age
45:11 Herbal Medicine
46:32 Wheelbarrow
49:23 Conscription
51:18 Heavy Mounted Crossbowman
52:38 Heavy Plow
53:18 Elite Obuch
54:40 Winged Hussar
56:44 Hand Cart
57:10 Bracer
57:29 Padded Archer Armor
58:41 Chain Mail Armor
61:16 Plate Mail Armor
62:37 Lechitic Legacy
65:22 Szlachta Privileges
Connection lost

Rejoining the realm…

Still unreachable

The connection could not be restored.

Session expired

The server has moved on; the page needs a fresh start.